 Dungeon Crawl Stone Soup version 0.29-a0-243-g602b31c20e (webtiles) character file.

Game seed: 12834258103603547046

195009 Angani the Victor of a Thousand Battles (level 17, -9/160 HPs)
             Began as a Yellow Draconian Hunter on Mar 5, 2022.
             Was the Champion of Okawaru.
             Mangled by a spriggan berserker
             ... wielding a +1 antimagic rapier
              (17 damage)
             ... on level 3 of the Swamp.
             The game lasted 01:13:56 (31572 turns).

Angani the Victor of a Thousand Battles (DrHu)     Turns: 31572, Time: 01:13:56

Health: -9/160     AC: 20    Str: 25    XL:     17   Next: 69%
Magic:  0/29       EV: 23    Int: 12    God:    Okawaru [******]
Gold:   2514       SH:  0    Dex: 21    Spells: 16/16 levels left

rFire   + . .      SeeInvis +   v - +8 longbow of Contradiction {venom, Will+ Str+2}
rCold   + . .      Faith    .   (shield currently unavailable)
rNeg    + + .      Spirit   .   (body armour unavailable)
rPois   +          Reflect  .   E - +2 hat of Ennui {rElec Str+3 Dex+3}
rElec   +          Harm     .   M - +0 cloak of the Monkey {rN+ Will+ rCorr Stlth+}
rCorr   +          Rampage  .   A - +2 pair of gloves {hurl}
Will    +++++      Rage     1%  F - +0 pair of boots of the Sun {-Cast rElec Will+ rCorr Stlth+}
Stlth   +++++..... NoCast   +   h - amulet of the Quahog {Drain rPois rC+ Regen+}
HPRegen 1.16/turn               C - ring of Darkness {Drain rPois rF++ AC+4}
MPRegen 0.21/turn               q - ring "Xelats" {+Blink rF- rN+ Will+ Str+4}

@: studying 2 skills
A: spit acid, AC +9, unfitting armour, acidic bite, cold-blooded, acid
resistance, see invisible, berserk 1
}: 1/15 runes: gossamer
a: Breathe Acid, Renounce Religion, Evoke Blink, Heroism, Finesse, Duel


You were on level 3 of the Swamp.
You worshipped Okawaru.
Okawaru was exalted by your worship.
You visited 4 branches of the dungeon, and saw 28 of its levels.
You also visited: Ossuary, Ice Cave and Volcano.

You collected 2514 gold pieces.

Inventory:

Hand Weapons
 n - a +9 vorpal longbow
 v - the +8 longbow of Contradiction (weapon) {venom, Will+ Str+2}
   (Okawaru gifted it to you on level 14 of the Dungeon)

   Any ammunition fired from it poisons the flesh of those it strikes.
   Str:       It affects your strength (+2).
   Will:      It increases your willpower.
Missiles
 U - 2 throwing nets
Armour
 A - a +2 pair of gloves of hurling (worn)
 E - the +2 hat of Ennui (worn) {rElec Str+3 Dex+3}
   (Okawaru gifted it to you on level 6 of the Lair of Beasts)

   Str:       It affects your strength (+3).
   Dex:       It affects your dexterity (+3).
   rElec:     It insulates you from electricity.
 F - the +0 pair of boots of the Sun (worn) {-Cast rElec Will+ rCorr Stlth+}
   (Okawaru gifted it to you on level 5 of the Lair of Beasts)

   rElec:     It insulates you from electricity.
   -Cast:     It prevents spellcasting.
   rCorr:     It protects you from acid and corrosion.
   Will:      It increases your willpower.
   Stlth:     It makes you more stealthy.
 M - the +0 cloak of the Monkey (worn) {rN+ Will+ rCorr Stlth+}
   (You found it on level 14 of the Dungeon)

   rN:        It protects you from negative energy.
   rCorr:     It protects you from acid and corrosion.
   Will:      It increases your willpower.
   Stlth:     It makes you more stealthy.
Jewellery
 g - a ring of fire
 h - the amulet of the Quahog (around neck) {Drain rPois rC+ Regen+}
   (You found it on level 9 of the Dungeon)

   [amulet of regeneration]

   rC:        It protects you from cold.
   rPois:     It protects you from poison.
   Regen:     It increases your rate of health regeneration.
   Drain:     It drains your maximum health when unequipped.
 q - the ring "Xelats" (right hand) {+Blink rF- rN+ Will+ Str+4}
   (You found it on level 6 of the Dungeon)

   [ring of positive energy]

   Str:       It affects your strength (+4).
   rF:        It makes you vulnerable to fire.
   rN:        It protects you from negative energy.
   +Blink:    It lets you blink.
   Will:      It increases your willpower.
 C - the ring of Darkness (left hand) {Drain rPois rF++ AC+4}
   (You found it on level 11 of the Dungeon)

   [ring of protection]

   AC:        It affects your AC (+4).
   rF:        It greatly protects you from fire.
   rPois:     It protects you from poison.
   Drain:     It drains your maximum health when unequipped.
 O - a ring of magical power
 T - a ring of protection from fire
 X - the ring of Veti {+Blink rPois Dex+3}
   (You found it on level 3 of the Swamp)

   [ring of poison resistance]

   Dex:       It affects your dexterity (+3).
   rPois:     It protects you from poison.
   +Blink:    It lets you blink.
Wands
 o - a wand of digging (17)
 r - a wand of iceblast (6)
 x - a wand of mindburst (19)
 B - a wand of flame (33)
 N - a wand of polymorph (8)
 P - a wand of acid (4)
Scrolls
 a - 2 scrolls of identify
 e - 2 scrolls of torment
 k - 8 scrolls of fog
 m - 6 scrolls of teleportation
 u - 3 scrolls of enchant armour
 y - 3 scrolls of immolation
 G - a scroll of silence
 I - 2 scrolls of magic mapping
 L - 2 scrolls of amnesia
 S - 2 scrolls of holy word
 W - 2 scrolls of enchant weapon
Potions
 b - 2 potions of curing
 c - 4 potions of might
 d - 4 potions of haste
 f - 2 potions of cancellation
 i - 2 potions of heal wounds
 j - 3 potions of mutation
 l - 5 potions of flight
 p - 2 potions of invisibility
 t - 4 potions of brilliance
 w - 2 potions of resistance
 z - 6 potions of attraction
 D - 9 potions of ambrosia
 J - 2 potions of berserk rage
 K - 4 potions of lignification
 V - 2 potions of magic
Miscellaneous
 H - a phantom mirror
 Q - a phial of floods
 R - a tin of tremorstones (2/2)


   Skills:
 + Level 16.7 Fighting
 + Level 15.3 Bows
 + Level 15.0 Dodging
 - Level 5.0 Stealth
 + Level 17.4 Invocations
 - Level 7.7 Evocations


You had 16 spell levels left.
You didn't know any spells.
Your spell library contained the following spells:

 Spells                   Type           Power      Damage    Failure   Level
 Beastly Appendage        Tmut           0%         N/A       32%         1
 Foxfire                  Conj/Fire      0%         2x1d4     32%         1
 Magic Dart               Conj           0%         1d3       32%         1
 Slow                     Hex            0%         N/A       32%         1
 Scorch                   Fire           0%         2d5       45%         2
 Wereblood                Tmut           0%         N/A       45%         2
 Confusing Touch          Hex            0%         N/A       69%         3
 Conjure Flame            Conj/Fire      0%         6-21      69%         3
 Frozen Ramparts          Ice            0%         1d2       69%         3
 Inner Flame              Hex/Fire       0%         N/A       69%         3
 Mephitic Cloud           Conj/Pois/Air  0%         N/A       69%         3
 Spider Form              Tmut/Pois      0%         N/A       69%         3
 Vampiric Draining        Necr           0%         2d6       69%         3
 Flame Wave               Conj/Fire      0%         2d4       97%         4
 Hailstorm                Conj/Ice       0%         3d3       97%         4
 Ice Form                 Ice/Tmut       0%         N/A       97%         4
 Blade Hands              Tmut           0%         N/A       100%        5
 Yara's Violent Unravell  Hex/Tmut       0%         3d3       100%        5
 Conjure Ball Lightning   Conj/Air       0%         3x3d6     100%        6
 Iron Shot                Conj/Erth      0%         9d1       100%        6
 Enfeeble                 Hex            0%         N/A       100%        7
 Storm Form               Tmut/Air       0%         N/A       100%        7
 Discord                  Hex            0%         N/A       100%        8
 Disjunction              Tloc           0%         N/A       100%        8
 Maxwell's Capacitive Co  Air            0%         ∞         100%        8
 Chain Lightning          Conj/Air       0%         N/A       100%        9
 Fire Storm               Conj/Fire      0%         5d1       100%        9
 Shatter                  Erth           0%         3d5*      100%        9
 Call Imp                 Summ           Unusable   N/A       N/A         2
 Animate Armour           Summ/Erth      Unusable   N/A       N/A         4
 Summon Ice Beast         Ice/Summ       Unusable   N/A       N/A         4
 Summon Lightning Spire   Summ/Air       Unusable   N/A       N/A         4
 Simulacrum               Ice/Necr       Unusable   N/A       N/A         6
 Summon Cactus Giant      Summ           Unusable   N/A       N/A         6

Dungeon Overview and Level Annotations

Branches:
Dungeon (15/15)            Temple (0/1) D:7            Lair (6/6) D:11
  Swamp (3/4) Lair:2       Spider (4/4) Lair:3        Slime (0/5) Lair:5
    Orc (0/2) D:12         Vaults (0/5) D:14         Depths (0/4) D:15
Ossuary (visited)           IceCv (visited)         Volcano (visited)

Altars:
Ashenzari
Cheibriados
Fedhas
Gozag
Makhleb
Nemelex Xobeh
Okawaru
Qazlal
Ru
Trog
Uskayaw
Vehumet
Wu Jian
Zin
The Shining One
Beogh

Annotations:
D:6 Grinder
D:14 Roxanne
Lair:2 3 runed translucent doors, exclusion: 3 doors, Ajdolov's ghost, journeyman SpHu; gilleain's ghost, journeyman HuCj
Swamp:3 1 exclusion
Spider:1 exclusion: downstairs


Innate Abilities, Weirdness & Mutations

You can spit globs of acid.
Your golden yellow scales are hard. (AC +9)
You cannot fit into any form of body armour.
You have acidic saliva.
You are cold-blooded and may be slowed by cold attacks.
You are resistant to acid. (rCorr)
You have supernaturally acute eyesight. (SInv)
You tend to lose your temper in combat.


Message History

You feel your power leaking away.
The spriggan berserker hits you with a +1 antimagic rapier!!
You feel your power leaking away.
You shoot an arrow. The arrow hits the spriggan berserker!!
The spriggan berserker looks as sick as possible!
The spriggan berserker is heavily wounded.
A spriggan rider comes into view. It is wielding a +0 mace.
The spriggan berserker hits you with a +1 antimagic rapier!
You are too injured to fight recklessly!
Unknown command.
Shoot: v) +8 longbow of Contradiction {venom, Will+ Str+2}
Press: ? - help, Shift-Dir - straight line, f/p - spriggan berserker
Aim: a spriggan berserker, wielding a +1 antimagic rapier and wearing a +0 robe (heavily wounded, berserk, regenerating, strong-willed, extremely poisoned, 61% to hit)
You shoot an arrow.
The arrow misses the spriggan berserker.
The arrow hits the polar bear!!
The polar bear is poisoned.
The polar bear is severely wounded.
The spriggan berserker hits you with a +1 antimagic rapier!!
* * * LOW HITPOINT WARNING * * *
The spriggan berserker hits you with a +1 antimagic rapier.
* * * LOW HITPOINT WARNING * * *
You hear a hideous shriek!
Shoot: v) +8 longbow of Contradiction {venom, Will+ Str+2}
Press: ? - help, Shift-Dir - straight line, f/p - spriggan berserker
Aim: a spriggan berserker, wielding a +1 antimagic rapier and wearing a +0 robe (heavily wounded, berserk, regenerating, strong-willed, extremely poisoned, 61% to hit)
You shoot an arrow. The arrow hits the spriggan berserker!
The spriggan berserker looks as sick as possible!
The spriggan berserker is severely wounded.
The spriggan berserker hits you with a +1 antimagic rapier!!
* * * LOW HITPOINT WARNING * * *
Unknown command.
As you read the scroll of fear, it crumbles to dust.
You assume a fearsome visage.
The polar bear is unaffected.
The spriggan berserker is unaffected.
The spriggan rider resists with almost no effort.
The spriggan berserker hits you with a +1 antimagic rapier!
* * * LOW HITPOINT WARNING * * *
You feel your power leaking away.
The spriggan berserker hits you with a +1 antimagic rapier!
You die...

<....≈♣ ♣♣≈....♣♣♣.♣ ♣≈≈
≈≈≈≈.≈♣♣♣...≈♣♣...♣ ♣♣≈
F≈≈§..♣♣≈.÷.≈♣♣...♣ ♣≈
.≈≈≈≈≈≈.♣.≈≈.#.♣♣♣.♣ #≈
....≈§≈≈[.≈.≈♣.♣ .♣ ♣≈
.....≈≈..≈.♣.♣.♣♣♣.♣ #≈
...##.♣♣.≈≈.≈♣♣...♣ ♣≈
....#..♣...≈§#♣♣.♣♣♣ #.
...#.....≈≈.≈♣ ♣@♣.♣ ♣≈
......♣♣♣.♣♣.#♣.♣i♣ ♣§
..≈...≈♣♣♣♣♣≈#.♣.♣hi..... #≈
≈.≈..♣♣. ♣.♣♣n♣ ♣#♣...♣ #≈
......≈♣♣♣♣♣.#.♣ ♣♣ #≈
≈≈.≈≈.≈≈...♣.##♣♣♣#♣♣###♣♣##♣#♣♣≈
....≈.≈..≈..≈.≈≈≈≈.≈≈≈.≈≈≈≈.≈≈≈§≈
........≈.♣...♣♣♣≈..≈♣≈≈...≈..≈.§
.###....♣♣♣♣..≈.≈..≈....≈..≈..≈..


You could see a spriggan rider, a spriggan berserker (berserk, regenerating,
strong-willed, extremely poisoned) and a polar bear (summoned, berserk, very
poisoned).

Vanquished Creatures
  Arachne (Arena)
  Nikola (Lair:3)
  A tentacled monstrosity (Swamp:2)
  Rupert (Lair:3)
  Jorgrun (D:11)
  Gastronok (Lair:3)
  A fenstrider witch (Swamp:1)
  6 ghost moths
  4 emperor scorpions
  Louise (Spider:3)
  2 very ugly things
  2 broodmothers
  3 eleionomae
  5 entropy weavers
  3 bunyips
  A spark wasp (Spider:3)
  2 shambling mangroves
  A fire dragon (Arena)
  A great orb of eyes (D:15)
  3 rakshasas
  A vault guard (D:14)
  Fannar (Lair:2)
  5 hydras
  6 boulder beetles
  4 catoblepae
  8 two-headed ogres
  A ghost crab (Swamp:1)
  2 jorogumos (Spider:2)
  5 alligators
  3 centaur warriors
  8 death yaks
  A death scarab (Spider:1)
  2 tengu warriors
  Nergalle (D:12)
  A sun moth (Spider:4)
  7 skeletal warriors
  A salamander mystic (Volcano)
  Amaemon (Lair:2)
  5 swamp dragons
  A goliath frog (Swamp:2)
  4 pharaoh ants
  7 steelbarb worms
  5 large abominations (D:15)
  5 bog bodies
  10 orb spiders
  3 spriggan druids (Swamp:2)
  3 wizards
  4 ugly things
  A lindwurm (Lair:5)
  2 will-o-the-wisps (Swamp:2)
  28 wolf spiders
  2 deep elf pyromancers
  An oklob plant (Lair:3)
  8 manticores
  7 cyclopes
  4 salamanders (Volcano)
  2 black mambas (Lair:6)
  19 elephants
  A moth of wrath (Spider:4)
  A molten gargoyle (Volcano)
  11 rime drakes
  5 cane toads
  10 torpor snails
  An orange demon (Lair:2)
  Psyche (D:9)
  A kobold demonologist (D:11)
  An efreet (D:15)
  12 demonic crawlers
  7 komodo dragons
  2 freezing wraiths
  2 tengu conjurers
  9 tyrant leeches
  2 trolls
  A polar bear (Lair:2)
  20 slime creatures
  6 meliai
  12 hornets
  35 tarantellas
  11 blink frogs
  32 jumping spiders
  4 spriggans
  A centaur simulacrum (D:13)
  4 wyverns
  2 vampires
  14 culicivoras
  4 fire bats
  55 yaks
  4 wraiths
  5 basilisks
  10 steam dragons
  13 vampire mosquitoes
  43 redbacks
  12 swamp worms
  4 acid dragons
  11 water moccasins
  5 black bears
  3 ice beasts
  4 sky beasts
  13 orc warriors
  5 ogres
  A wolf (shapeshifter) (D:15)
  9 centaurs
  8 wolves
  7 small abominations (D:15)
  3 kobold brigands
  An elf zombie (D:4)
  A gnoll sergeant (D:9)
  12 bullfrogs
  5 scorpions
  2 necrophages
  8 wights
  5 killer bees (D:5)
  2 electric eels
  2 howler monkeys (D:14)
  4 lava snakes (Volcano)
  A human zombie (D:4)
  3 orc priests
  3 hounds
  A jelly (D:8)
  A gnoll shaman (D:8)
  4 iguanas
  10 orc wizards
  4 hell rats (D:12)
  A mummy (D:3)
  11 gnolls
  6 adders
  An ufetubus (D:5)
  3 adder zombies (Ossuary)
  2 worms (D:2)
  2 dart slugs
  69 orcs
  3 ball pythons
  3 bats
  4 endoplasms
  5 giant cockroaches
  3 goblins
  6 hobgoblins
  10 kobolds
  4 quokkas
  3 frilled lizards
  A hobgoblin skeleton (Ossuary)
  2 hobgoblin zombies (Ossuary)
  5 orc skeletons
  An orc zombie (Ossuary)
  A rat (D:1)
862 creatures vanquished.

Vanquished Creatures (others)
  A spriggan (Swamp:1)
  An unseen horror (D:11)
  A hornet (Swamp:1)
  A steam dragon (Lair:6)
  A bush (Lair:6)
  2 foxfires (Swamp:2)
  83 fungi
  220 plants
310 creatures vanquished.

Grand Total: 1172 creatures vanquished

Notes
Turn   | Place    | Note
-------+----------+-------------------------------------------
     0 | D:1      | Angani the Draconian Hunter began the quest for the Orb.
     0 | D:1      | Reached XP level 1. HP: 17/17 MP: 1/1
    80 | D:1      | Reached skill level 1 in Stealth
   298 | D:1      | Found a faded altar of an unknown god.
   307 | D:1      | Prayed at the altar of an unknown god.
   307 | D:1      | Became a worshipper of Warmaster Okawaru
   307 | D:1      | Reached * piety under Okawaru
   320 | D:1      | Reached XP level 2. HP: 24/25 MP: 2/2
  1424 | D:2      | Reached XP level 3. HP: 30/30 MP: 3/3
  1821 | D:2      | Reached skill level 1 in Invocations
  2065 | D:3      | Found a snail-covered altar of Cheibriados.
  2129 | D:3      | Gained mutation: Your body sometimes deteriorates upon
                  | taking damage. [potion of mutation]
  2129 | D:3      | Gained mutation: Your large and strong wings let you fly.
                  | [potion of mutation]
  2185 | D:3      | Noticed a necrophage
  2196 | D:3      | Killed a necrophage
  2197 | D:3      | Reached XP level 4. HP: 27/38 MP: 3/5
  2635 | D:3      | Found a burning altar of Makhleb.
  2878 | D:3      | Noticed a balrug
  2881 | D:3      | Noticed a hellwing
  2881 | D:3      | Noticed a ynoxinul
  3050 | D:3      | Reached skill level 2 in Invocations
  3050 | D:3      | Reached XP level 5. HP: 40/45 MP: 6/6
  3097 | D:3      | Reached ** piety under Okawaru
  4060 | D:4      | Reached XP level 6. HP: 30/52 MP: 4/7
  4102 | D:4      | Found a sand-covered staircase.
  4120 | Ossuary  | Entered an ossuary
  4380 | Ossuary  | Noticed a wraith
  4380 | Ossuary  | Noticed a flying skull
  4392 | Ossuary  | Noticed a flying skull
  4399 | Ossuary  | Reached skill level 3 in Invocations
  4527 | Ossuary  | Noticed a wraith
  4541 | Ossuary  | Noticed a wraith
  4649 | D:4      | Your scales start taking on a golden yellow colour.
  4649 | D:4      | Reached XP level 7. HP: 59/59 MP: 9/9
  4649 | D:4      | Gained mutation: You are resistant to acid. (rCorr) [Yellow
                  | Draconian growth]
  4721 | D:4      | Reached *** piety under Okawaru
  5477 | D:4      | Reached skill level 5 in Bows
  5733 | D:5      | Entered Level 5 of the Dungeon
  5777 | D:5      | Reached skill level 4 in Invocations
  5781 | D:5      | Reached skill level 5 in Fighting
  5781 | D:5      | Reached XP level 8. HP: 63/68 MP: 9/11
  5784 | D:5      | Reached **** piety under Okawaru
  5992 | D:5      | Lost mutation: Your body sometimes deteriorates upon taking
                  | damage. [potion of mutation]
  5992 | D:5      | Lost mutation: Your large and strong wings let you fly.
                  | [potion of mutation]
  5992 | D:5      | Gained mutation: You tend to lose your temper in combat.
                  | [potion of mutation]
  5992 | D:5      | Gained mutation: You have supernaturally acute eyesight.
                  | (SInv) [potion of mutation]
  6487 | D:5      | Reached skill level 5 in Invocations
  6829 | D:6      | Found a hide-covered altar of Uskayaw.
  6886 | D:6      | Found a blossoming altar of Fedhas.
  6898 | D:6      | Found a glowing golden altar of the Shining One.
  6910 | D:6      | Found a glowing silver altar of Zin.
  6921 | D:6      | Identified the ring "Xelats" {+Blink rF- rN+ Will+ Str+4}
  6962 | D:6      | Noticed Grinder
  7120 | D:6      | Reached skill level 5 in Stealth
  7197 | D:6      | Reached skill level 5 in Dodging
  7389 | D:6      | Reached XP level 9. HP: 75/75 MP: 13/13
  7418 | D:6      | Found a sparkling altar of Nemelex Xobeh.
  7778 | D:7      | Reached skill level 6 in Invocations
  7793 | D:7      | Found a broken altar of Ashenzari.
  7849 | D:7      | Noticed a cyclops
  7861 | D:7      | Killed a cyclops
  7861 | D:7      | Reached ***** piety under Okawaru
  7944 | D:7      | Found a staircase to the Ecumenical Temple.
  8005 | D:7      | Found a sacrificial altar of Ru.
  8156 | D:7      | Reached skill level 7 in Invocations
  8559 | D:8      | Noticed a two-headed ogre
  8630 | D:9      | Reached XP level 10. HP: 70/83 MP: 15/15
  8630 | D:9      | Noticed Psyche
  8644 | D:9      | Killed Psyche
  8644 | D:9      | Received a gift from Okawaru
  8800 | D:9      | Reached skill level 8 in Invocations
  8858 | D:9      | Identified the amulet of the Quahog {Drain rPois rC+
                  | Regen+}
  9167 | D:8      | Noticed a manticore
  9182 | D:8      | Killed a manticore
  9317 | D:8      | Killed a two-headed ogre
  9815 | D:10     | Entered Level 10 of the Dungeon
  9930 | D:10     | Reached skill level 9 in Invocations
  9930 | D:10     | Received a gift from Okawaru
 10094 | D:10     | Identified the +3 buckler of Gaughuff {Dex+4 Stlth+}
                  | (Okawaru gifted it to you on level 10 of the Dungeon)
 10094 | D:10     | Received a gift from Okawaru
 10443 | D:10     | Reached XP level 11. HP: 92/92 MP: 17/17
 10456 | D:10     | Reached ****** piety under Okawaru
 10506 | D:10     | Found a stormy altar of Qazlal.
 10571 | D:10     | Found an ornate altar of the Wu Jian Council.
 10741 | D:11     | Noticed a two-headed ogre
 10765 | D:10     | Killed a two-headed ogre
 10910 | D:10     | Found an opulent altar of Gozag.
 10941 | D:10     | Found a bloodstained altar of Trog.
 11073 | D:11     | Identified the ring of Darkness {Drain rPois rF++ AC+4}
 11073 | D:11     | Noticed a two-headed ogre
 11120 | D:11     | Noticed a two-headed ogre
 11237 | D:11     | Killed a two-headed ogre
 11238 | D:11     | Reached skill level 1 in Evocations
 11311 | D:11     | Killed a two-headed ogre
 11401 | D:11     | Reached skill level 10 in Invocations
 11410 | D:11     | Found a staircase to the Lair.
 11472 | D:11     | Found a sacrificial altar of Ru.
 12047 | Lair:1   | Entered Level 1 of the Lair of Beasts
 12093 | Lair:1   | Found a frozen archway.
 12109 | Lair:1   | Received a gift from Okawaru
 12155 | IceCv    | Entered an ice cave
 12155 | IceCv    | Noticed a white ugly thing
 13073 | Lair:2   | Noticed Fannar
 13224 | Lair:2   | Reached skill level 5 in Evocations
 13224 | Lair:2   | Reached XP level 12. HP: 72/103 MP: 19/19
 13323 | Lair:2   | Found a runed translucent gate.
 13323 | Lair:2   | Found a runed translucent gate.
 13323 | Lair:2   | Found a runed translucent gate.
 13326 | Lair:2   | Noticed gilleain's ghost (journeyman HuCj)
 13326 | Lair:2   | Noticed Ajdolov's ghost (journeyman SpHu)
 13404 | Lair:2   | Killed Fannar
 13507 | Lair:2   | Noticed Amaemon
 13723 | Lair:2   | Found a staircase to the Swamp.
 13957 | Lair:2   | Killed Amaemon
 14035 | Lair:3   | Noticed a death yak
 14154 | Lair:3   | Found a dark tunnel.
 14167 | Volcano  | Entered a volcano
 14384 | Volcano  | Found a burning altar of Makhleb.
 14392 | Volcano  | Reached skill level 10 in Bows
 14467 | Volcano  | Noticed a red draconian
 14556 | Volcano  | Reached skill level 11 in Invocations
 14707 | Lair:3   | Noticed Rupert
 14709 | Lair:3   | Paralysed by Rupert for 2 turns
 14735 | Lair:3   | Noticed Gastronok
 14763 | Lair:3   | Killed Rupert
 14763 | Lair:3   | Received a gift from Okawaru
 14800 | Lair:3   | Killed Gastronok
 14827 | Lair:3   | Noticed a death yak
 14866 | Lair:3   | Killed a death yak
 14867 | Lair:3   | Reached skill level 10 in Fighting
 15138 | Lair:3   | Received a gift from Okawaru
 15178 | Lair:3   | Found a hole to the Spider Nest.
 15330 | Lair:3   | Killed a death yak
 15331 | Lair:3   | Reached skill level 10 in Dodging
 15331 | Lair:3   | Reached XP level 13. HP: 94/113 MP: 21/21
 16444 | Lair:5   | Identified the +0 pair of boots of the Sun {-Cast rElec
                  | Will+ rCorr Stlth+} (Okawaru gifted it to you on level 5 of
                  | the Lair of Beasts)
 16444 | Lair:5   | Received a gift from Okawaru
 16645 | Lair:5   | Reached skill level 12 in Invocations
 17271 | Lair:5   | Found a staircase to the Slime Pits.
 17394 | Lair:6   | Entered Level 6 of the Lair of Beasts
 17815 | Lair:6   | Noticed a fire dragon
 17831 | Arena    | Entered the Arena
 17845 | Arena    | Killed a fire dragon
 18062 | Lair:6   | Received a gift from Okawaru
 18085 | Lair:6   | Received a gift from Okawaru
 18141 | Lair:6   | Gained mutation: You have acidic saliva. [Yellow Draconian
                  | growth]
 18141 | Lair:6   | Reached XP level 14. HP: 125/125 MP: 23/23
 18344 | Lair:6   | Received a gift from Okawaru
 18351 | Lair:6   | Reached skill level 13 in Invocations
 18574 | Lair:6   | Identified the +2 hat of Ennui {rElec Str+3 Dex+3} (Okawaru
                  | gifted it to you on level 6 of the Lair of Beasts)
 18574 | Lair:6   | Received a gift from Okawaru
 19093 | Lair:6   | Found the +7 captain's cutlass {speed, disarm}
 19305 | D:12     | Noticed Jorgrun
 19323 | D:11     | Killed Jorgrun
 19569 | D:12     | Found a staircase to the Orcish Mines.
 19613 | D:12     | Noticed Nergalle
 19618 | D:12     | Killed Nergalle
 19862 | D:12     | Received a gift from Okawaru
 19872 | D:12     | Found a radiant altar of Vehumet.
 19903 | D:12     | Received a gift from Okawaru
 20205 | D:12     | Reached skill level 14 in Invocations
 20342 | D:12     | You fall into a shaft and drop 1 floor!
 20376 | D:13     | Received a gift from Okawaru
 20846 | D:13     | Reached XP level 15. HP: 136/136 MP: 25/25
 21360 | D:14     | Identified Roxanne's Handbook of Shape Shifting
 21360 | D:14     | Noticed Roxanne
 21604 | D:14     | Received a gift from Okawaru
 21736 | D:14     | Identified the +0 cloak of the Monkey {rN+ Will+ rCorr
                  | Stlth+}
 21912 | D:14     | Identified the +8 longbow of Contradiction {venom, Will+
                  | Str+2} (Okawaru gifted it to you on level 14 of the
                  | Dungeon)
 21912 | D:14     | Received a gift from Okawaru
 22046 | D:14     | Found a gate to the Vaults.
 22306 | D:15     | Entered Level 15 of the Dungeon
 23263 | D:15     | Received a gift from Okawaru
 23465 | D:15     | Found a staircase to the Depths.
 23628 | Spider:1 | Entered Level 1 of the Spider Nest
 23630 | Spider:1 | Noticed Nikola
 23706 | Lair:3   | Killed Nikola
 23706 | Lair:3   | Received a gift from Okawaru
 23707 | Lair:3   | Reached skill level 15 in Invocations
 23886 | Spider:1 | Received a gift from Okawaru
 23934 | Spider:1 | Received a gift from Okawaru
 24599 | Spider:2 | Noticed an emperor scorpion
 24799 | Spider:2 | Identified the +1 robe "Ogaem" {rPois Slay+2}
 24871 | Spider:2 | Killed an emperor scorpion
 24982 | Spider:2 | Reached XP level 16. HP: 105/147 MP: 27/27
 25003 | Spider:2 | Noticed Arachne
 25017 | Arena    | Entered the Arena
 25044 | Arena    | Killed Arachne
 25044 | Arena    | Received a gift from Okawaru
 25392 | Spider:2 | Identified the +7 kite shield of Untold Secrets {+Blink
                  | Str+2 Int-2 SInv}
 25488 | Spider:2 | Reached skill level 15 in Fighting
 25505 | Spider:2 | Received a gift from Okawaru
 25788 | Spider:2 | Reached skill level 16 in Invocations
 26110 | Spider:3 | Noticed Louise
 26473 | Spider:3 | Killed Louise
 26682 | Spider:3 | Received a gift from Okawaru
 27152 | Spider:4 | Entered Level 4 of the Spider Nest
 27798 | Spider:4 | Reached XP level 17. HP: 127/158 MP: 29/29
 28453 | Spider:4 | Received a gift from Okawaru
 28885 | Spider:4 | Got a gossamer rune of Zot
 29136 | Swamp:1  | Entered Level 1 of the Swamp
 29342 | Swamp:1  | Received a gift from Okawaru
 29343 | Swamp:1  | Reached skill level 17 in Invocations
 29625 | Swamp:1  | Reached skill level 15 in Bows
 30081 | Swamp:2  | Received a gift from Okawaru
 30466 | Swamp:2  | Identified the +2 hat of the Hunter {rElec} (Okawaru gifted
                  | it to you on level 2 of the Swamp)
 30466 | Swamp:2  | Received a gift from Okawaru
 31056 | Swamp:3  | Identified the ring of Veti {+Blink rPois Dex+3}
 31124 | Swamp:3  | Noticed a tentacled monstrosity
 31188 | Swamp:3  | Noticed a tentacled monstrosity
 31222 | Swamp:2  | Killed a tentacled monstrosity
 31223 | Swamp:2  | Reached skill level 15 in Dodging
 31572 | Swamp:3  | HP: 8/160 [spriggan berserker/+1 antimagic rapier (11)]
 31572 | Swamp:3  | Mangled by a spriggan berserker

Illustrated notes

Levels and vault maps discovered:
D:1:      dpeg_arrival_oval, layout_basic, hellmonk_ecumenical_altar_crossroads,
          minmay_misc_feat_encased, chequers_big_river,
          ebering_dispersal_statue_hall
D:2:      layout_basic, grunt_decor_resistance, nrook_campfire,
          minmay_pentomino_o2
D:3:      layout_loops_corners, makhleb_altar_promises_db, slow_altar_1
D:4:      layout_layer_cave, portal_sewer_entry_f,
          nicolae_ossuary_entry_catacombs
D:5:      layout_cave_pools, lemuel_flamethrower_2
D:6:      layout_loops_ring, nemelex_dance_club_becter,
          eat_drink_and_be_merry_uskayaw, kennysheep_little_box,
          mainiacjoe_overflow_big_doors, uniq_grinder
D:7:      layout_basic, nicolae_ashenzari_panopticon, lemuel_round_altar,
          minmay_temple_entry_statues_fountains
D:8:      nicolae_cairo_tiling, layout_cave_pools, st_stairs_7,
          serial_park_tiny_pond
D:9:      layout_basic, hive_lemuel, uniq_psyche
D:10:     layout_roguey, marbit_many_paths, lemuel_coloured_pillars_altar,
          nicolae_overflow_squiral
D:11:     layout_long_grid, due_lair_maze_entry_diamond, special_room
          [special_room_orc], nicolae_ru_sacrificial_ziggurat
D:12:     wad_woods_stonehenge, layout_rooms, david_orc_4,
          serial_bayou_lagoon_a, minivault_27, uniq_nergalle, uniq_jorgrun
D:13:     layout_gridville
D:14:     layout_long_grid, david_vaults_5, nicolae_figureground_pulse,
          kb_tengu_band, uniq_roxanne
D:15:     gammafunk_enter_depths_forms, layout_loops_ring,
          kennysheep_flooded_box, laboratory
Lair:1:   layout_hall_layers, portal_ice_cave_rime, lemuel_fruit_tree,
          infiniplex_staircase_pool_2
Lair:2:   layout_long_grid, swamp_mist, gammafunk_ghost_cemetery,
          beast_lair_carwin_2, uniq_amaemon, uniq_fannar
Lair:3:   layout_regular_city, spider_nest_entry_web_field,
          nicolae_volcano_entry_batcave, grunt_megastairs_4, uniq_rupert,
          uniq_gastronok
Lair:4:   layout_loops_ring, st_stairs_3
Lair:5:   layout_regular_city, dpeg_slime_entry_corner
Lair:6:   evilmike_catoblepas_cave, layout_loops_ring, bobbens_dragon_lair_wall
Swamp:1:  layout_falls_marsh, nicolae_swamp_fairy_circle, swamp_pool1,
          nicolae_swamp_bean_lake, infiniplex_staircase_pool
Swamp:2:  layout_basic_swamp, evilmike_swamp_ruin_house_4
Swamp:3:  nzn_winding_woodlands_medium [nzn_winding_woodlands_5x5_perimeter,
          nzn_winding_woodlands_5x15_default, nzn_winding_woodlands_5x5_default,
          nzn_winding_woodlands_5x5_default,
          nzn_winding_woodlands_center_pierced_h,
          nzn_winding_woodlands_hourglass,
          nzn_winding_woodlands_5x5_checkerboard,
          nzn_winding_woodlands_5x15_zeroes,
          nzn_winding_woodlands_5x5_open_star], layout_basic_swamp,
          serial_swamp_ruin, evilmike_swamp_ruin_house_6,
          evilmike_swamp_ruin_house_5, evilmike_swamp_ruin_rubble_2,
          swamp_pool2, worms_lemuel
Spider:1: layout_spider_delve, uniq_nikola
Spider:2: nicolae_spider_corner, nicolae_arachne_temple
Spider:3: layout_spider_delve, nicolae_spider_orb_run, uniq_louise
Spider:4: grunt_spider_rune_parallel, nicolae_spider_some_kinda_spiderbox

Skill      XL: |  1  2  3  4  5  6  7  8  9 10 11 12 13 14 15 16 17 |
---------------+----------------------------------------------------+-----
Stealth        | 1 2 3 4 5 |  5.0
Dodging        | 2 3 4 5 6 8 9 10 11 12 13 14 15 | 15.0
Invocations    | 1 2 3 4 5 7 9 10 11 12 14 15 16 17 | 17.4
Fighting       | 3 4 5 6 7 8 10 11 13 14 15 16 | 16.7
Bows           | 4 5 6 7 8 9 10 11 12 13 14 15 | 15.3
Evocations     | 5 7 |  7.7

Action                   |  1- 3 |  4- 6 |  7- 9 | 10-12 | 13-15 | 16-18 || total
-------------------------+-------+-------+-------+-------+-------+-------++-------
Melee: Unarmed           |       |       |       |     8 |       |       ||     8
       Longbow           |       |       |       |       |     1 |       ||     1
 Fire: Shortbow          |    93 |   178 |   319 |   788 |       |       ||  1378
       Longbow           |       |       |       |    97 |  1415 |  1021 ||  2533
Invok: Heroism           |       |     1 |     1 |     1 |     2 |     1 ||     6
       Finesse           |       |       |       |       |     1 |     1 ||     2
       Duel              |       |       |       |       |     1 |     1 ||     2
 Abil: Breathe Acid      |       |       |    26 |    62 |    69 |    41 ||   198
       Evoke Blink       |       |       |       |     4 |       |       ||     4
Evoke: Wand              |       |       |    12 |    14 |     2 |       ||    28
       Phial of floods   |       |       |       |       |     1 |     1 ||     2
  Use: Scroll            |     6 |    10 |     2 |    18 |     8 |     6 ||    50
       Potion            |     2 |     2 |     3 |     2 |     4 |    10 ||    23
Armor: Skin              |     7 |    45 |    91 |   142 |   460 |   306 ||  1051
Dodge: Dodged            |    13 |    58 |   123 |   445 |  1045 |   885 ||  2569

Table legend: (Time is in decaauts)
 A = Elapsed time spent in this place.
 B = Non-inter-level travel time spent in this place.
 C = Inter-level travel time spent in this place.
 D = Time resting spent in this place.
 E = Time spent auto-exploring this place.
 F = Levels seen in this place.
 G = Mean time per level.
                   A        B        C        D        E       F      G
               +--------+--------+--------+--------+--------+-----+--------+
         Total |  32353 |  30487 |   1866 |   5299 |  16569 |  33 |  980.4 |
       Dungeon |  16138 |  15271 |    867 |   2335 |   9416 |  15 | 1075.9 |
          Lair |   7115 |   6646 |    469 |    630 |   3808 |   6 | 1185.8 |
         Swamp |   2625 |   2470 |    155 |    455 |   1400 |   3 |  875.0 |
   Spider Nest |   5397 |   5024 |    373 |   1509 |   1911 |   4 | 1349.2 |
       Ossuary |    509 |    509 |      0 |    244 |     33 |   1 |  509.0 |
      Ice Cave |      4 |      4 |      0 |      0 |      0 |   1 |    4.0 |
       Volcano |    499 |    499 |      0 |     94 |      0 |   1 |  499.0 |
         Arena |     61 |     61 |      0 |     31 |      0 |   2 |   30.5 |
               +--------+--------+--------+--------+--------+-----+--------+

Top non-repeatable levels by time:
     D:3: 1946 daAuts
  Lair:6: 1850 daAuts
Spider:2: 1796 daAuts
Spider:4: 1479 daAuts
  Lair:2: 1426 daAuts
  Lair:3: 1329 daAuts
     D:4: 1326 daAuts
    D:10: 1258 daAuts
 Swamp:1: 1225 daAuts
     D:1: 1204 daAuts
    D:15: 1195 daAuts
    D:11: 1169 daAuts
    D:14: 1138 daAuts
     D:5: 1127 daAuts
Spider:3: 1104 daAuts
